 Dungeon Crawl Stone Soup version 0.26-a0-663-g36e8fdb (webtiles) character file.

Game seed: 16234080155615856929

294 Mopster the Grave Robber (level 6, -4/41 HPs)
             Began as a Demonspawn Necromancer on Oct 9, 2020.
             Slain by a yak (16 damage)
             ... on level 5 of the Dungeon on Oct 11, 2020.
             The game lasted 01:26:15 (4272 turns).

Mopster the Grave Robber (Demonspawn Necromancer)   Turns: 4272, Time: 01:26:15

Health: -4/41      AC:  3    Str:  8    XL:     6   Next: 11%
Magic:  9/12       EV: 12    Int: 19    God:
Gold:   213        SH:  0    Dex: 13    Spells: 3/13 levels left

rFire    . . .     SeeInvis .   r - +1 quarterstaff
rCold    . . .     Faith    .   (shield currently unavailable)
rNeg     . . .     Spirit   .   e - +1 robe
rPois    .         Reflect  .   (no helmet)
rElec    .         Harm     .   (no cloak)
rCorr    .         Rampage  .   (no gloves)
MR       .....                  (no boots)
Stlth    ++........             (no amulet)
HPRegen  0.13/turn              (no ring)
MPRegen  0.13/turn              (no ring)

@: no status effects
A: talons 1, spiny 1
a: no special abilities


You were on level 5 of the Dungeon.
You visited 1 branch of the dungeon, and saw 5 of its levels.

You collected 213 gold pieces.

Inventory:

Hand Weapons
 a - a +0 hunting sling
 p - a +0 whip
 r - a +1 quarterstaff (weapon)
Missiles
 b - 37 stones
 f - 15 bolts
 k - 46 arrows
 l - 9 sling bullets
 u - 5 boomerangs (quivered)
 w - 16 poisoned darts
Armour
 c - a +0 leather armour
 e - a +1 robe (worn)
 h - a +0 robe
Scrolls
 g - a scroll of identify
 i - a scroll of remove curse


   Skills:
 - Level 0.1 Fighting
 + Level 1.1 Staves
 + Level 2.0 Dodging
 - Level 2.3 Stealth
 + Level 4.2 Spellcasting
 + Level 6.0 Necromancy


You had 3 spell levels left.
You knew the following spells:

 Your Spells              Type           Power        Failure   Level
a - Pain                  Necr           ####         1%          1
b - Animate Skeleton      Necr           ####..       1%          1
c - Vampiric Draining     Necr           ####......   3%          3
d - Agony                 Necr           ####....     30%         5

Your spell library contained the following spells:

 Spells                   Type           Power        Failure   Level
 Animate Dead             Necr           ####......   11%         4


Dungeon Overview and Level Annotations

Branches:
Dungeon (5/15)
 Temple: D:4-7

Altars:

Annotations:
D:4 Natasha


Innate Abilities, Weirdness & Mutations

You have sharp toenails.
You are partially covered in sharp spines.


Message History

The yak barely misses you.
You barely miss the yak. You claw the yak.
The yak is almost dead.
The yak gores you. The yak closely misses you.
You hit the yak.
You kill the yak!
Your Staves skill increases to level 1!
Your Dodging skill increases to level 2!
Your Spellcasting skill increases to level 4!
Your Necromancy skill increases to level 6!
You have reached level 6!
Your experience leads to an increase in your attributes!
Increase (S)trength, (I)ntelligence, or (D)exterity?
You feel clever.
Your demonic ancestry asserts itself...
Sharp spines emerge from parts of your body.
The yak is struck by your spines. The yak gores you!
* * * LOW HITPOINT WARNING * * *
There is a stone staircase leading up here.
The yak is struck by your spines. The yak gores you!
You die...

#### .... .. ..#
##..# #.# ... ...#
#.#...##.
##..###.#.....
.............
#..####.###.#..#
#..#@Y.Y.......#
#..####........#
#..# ##.##Y####
#..# #.##.######
#..# #....Y.Y..#
#..#####....####.#
#.....[....## #.#
#.######.#.# #Y#
#........#.# #.#


You could see 3 yaks.

Vanquished Creatures
  A yak (D:5)
  An orc priest (D:4)
  5 adders
  A worm (D:3)
  2 dart slugs
  4 leopard geckos
  5 orcs
  4 ball pythons (D:3)
  3 giant cockroaches
  2 goblins
  4 hobgoblins
  3 jackals (D:3)
  2 quokkas
  3 bats (D:1)
  4 frilled lizards
  5 kobolds
  6 rats
55 creatures vanquished.

Vanquished Creatures (collateral kills)
  A frilled lizard (D:1)
  A rat (D:2)
2 creatures vanquished.

Grand Total: 57 creatures vanquished

Notes
Turn   | Place    | Note
-------+----------+-------------------------------------------
     0 | D:1      | Mopster the Demonspawn Necromancer began the quest for the
                  | Orb.
     0 | D:1      | Reached XP level 1. HP: 13/13 MP: 3/3
     2 | D:1      | Learned a level 1 spell: Animate Skeleton
   533 | D:1      | Gained mutation: You have sharp toenails. [demonic
                  | ancestry]
   533 | D:1      | Reached XP level 2. HP: 16/19 MP: 1/5
  1107 | D:2      | Reached XP level 3. HP: 23/24 MP: 3/6
  1108 | D:2      | Reached skill level 5 in Necromancy
  1113 | D:2      | Learned a level 3 spell: Vampiric Draining
  2296 | D:3      | Reached XP level 4. HP: 28/30 MP: 4/8
  2520 | D:3      | Upgraded the game from 0.26-a0-662-g8b9c6da to
                  | 0.26-a0-663-g36e8fdb
  3552 | D:4      | Noticed Natasha
  3578 | D:4      | Noticed an ogre
  3648 | D:4      | Reached XP level 5. HP: 23/35 MP: 5/10
  3655 | D:4      | Learned a level 5 spell: Agony
  3965 | D:5      | Entered Level 5 of the Dungeon
  4169 | D:5      | Noticed a centaur
  4170 | D:5      | Noticed a yak
  4170 | D:5      | Noticed a yak
  4171 | D:5      | Noticed a yak
  4227 | D:5      | Noticed a yak
  4228 | D:5      | Noticed a yak
  4228 | D:5      | Noticed a yak
  4244 | D:5      | Killed a yak
  4244 | D:5      | Reached skill level 1 in Staves
  4244 | D:5      | Reached skill level 6 in Necromancy
  4244 | D:5      | Gained mutation: You are partially covered in sharp spines.
                  | [demonic ancestry]
  4244 | D:5      | Reached XP level 6. HP: 19/41 MP: 5/12
  4272 | D:5      | Slain by a yak

Illustrated notes

Levels and vault maps discovered:
D:1:      minmay_arrival_solitary_statue, layout_basic, minmay_misc_feat_iff
D:2:      layout_loops_ring, minmay_hedge_maze, serial_bayou_crossing
D:3:      layout_basic, minmay_snake_closets
D:4:      layout_rooms, uniq_ijyb, uniq_natasha, uniq_duvessa
D:5:      layout_basic, nicolae_qazlal_general_emergency

Skill      XL: |  1  2  3  4  5 |
---------------+----------------+-----
Stealth        | 2 |  2.3
Necromancy     | 5 6 |  6.0
Spellcasting   | 3 4 |  4.2
Staves         | 1 |  1.1
Dodging        | 2 |  2.0
Fighting       | |  0.1

Action                   |  1- 3 |  4- 6 || total
-------------------------+-------+-------++-------
Melee: Whip              |     8 |       ||     8
       Dagger            |     1 |       ||     1
       Quarterstaff      |     7 |    17 ||    24
       Kick              |     6 |     4 ||    10
Throw: Boomerang         |       |     4 ||     4
       Dart              |       |     6 ||     6
 Cast: Pain              |    63 |    43 ||   106
       Animate Skeleton  |     9 |     2 ||    11
       Vampiric Draining |       |     2 ||     2
  Use: Scroll            |     7 |     4 ||    11
       Potion            |     6 |       ||     6
Armor: Robe              |     3 |     7 ||    10
       Leather armour    |     1 |       ||     1
       Chain mail        |     1 |       ||     1
Dodge: Dodged            |    15 |    18 ||    33

Table legend: (Time is in decaauts)
 A = Elapsed time spent in this place.
 B = Non-inter-level travel time spent in this place.
 C = Inter-level travel time spent in this place.
 D = Time resting spent in this place.
 E = Time spent auto-exploring this place.
 F = Levels seen in this place.
 G = Mean time per level.
                   A        B        C        D        E       F      G
               +--------+--------+--------+--------+--------+-----+--------+
         Total |   4284 |   2906 |   1378 |   1524 |      0 |   5 |  856.8 |
       Dungeon |   4284 |   2906 |   1378 |   1524 |      0 |   5 |  856.8 |
               +--------+--------+--------+--------+--------+-----+--------+

Top non-repeatable levels by time:
     D:3: 1388 daAuts
     D:2: 1236 daAuts
     D:1: 909 daAuts
     D:4: 442 daAuts
     D:5: 308 daAuts
